[Event "Team 45 45 League T42"]
[Site "Internet Chess Club"]
[Date "2009.08.02"]
[Round "1"]
[White "Kolibri"]
[Black "Thenazgul"]
[Result "0-1"]
[WhiteElo "2089"]
[BlackElo "2144"]
[Opening "Sicilian: accelerated fianchetto, modern variation"]
[ECO "B34"]
[Time "16:00:11"]
[TimeControl "2700+45"]

1. e4 c5 2. Nf3 g6 3. d4 cxd4 4. Nxd4 Nc6 5. Nc3 Bg7 6. Be3 Nf6 7. Be2 O-O 8.
Bf3 Ne5 9. O-O d6 10. h3 Bd7 11. Be2 Rc8 12. f4 Nc4 13. Bxc4 Rxc4 14. f5 Rxc3
15. bxc3 Nxe4 16. Qd3 Nc5 17. Qe2 Qa5 18. Bd2 Be5 19. Nb3 Qc7 20. Nd4 d5 21. Nf3
Bd6 22. fxg6 hxg6 23. Qe3 Ne4 24. Qh6 Bc5+ 25. Be3 Bxh3 26. Bd4 Bxd4+ 27. cxd4
Bxg2 28. Kxg2 Qg3+ 29. Kh1 Rc8 30. Qh2 Kg7 31. Qg2 Qf4 32. Rae1 Ng3+ 33. Kg1
Nxf1 34. Kxf1 Rc3 35. Kf2 Rxc2+ 36. Re2 Rxe2+ 37. Kxe2 Qe4+ 38. Kd2 f6 39. Qf2
Qb1 40. Ke3 g5 41. Ne1 Qc1+ 42. Kf3 Qf4+ 43. Ke2 Qxf2+ 44. Kxf2 e5 45. Nd3 exd4
46. Nb4 Kf7 47. Kf3 Ke6 48. Nd3 Kf5 49. Nc5 b6 50. Nd3 a6 51. Nf2 b5 52. Ng4 a5
53. Nh6+ Ke5 54. Ng4+ Kf5 55. Nh6+ Ke6 56. Ng4 b4 57. Nf2 a4 58. Nd3 b3 59. axb3
a3 60. Nc1 g4+ {White resigns} 0-1

[Event "Team 45 45 League T42"]
[Site "Internet Chess Club"]
[Date "2009.08.03"]
[Round "1"]
[White "Voidchess"]
[Black "Monsoon-Smith"]
[Result "0-1"]
[WhiteElo "2073"]
[BlackElo "2114"]
[Opening "Sicilian defense"]
[ECO "B20"]
[Time "18:31:00"]
[TimeControl "2700+45"]

1. e4 c5 2. a3 Nc6 3. Nc3 e6 4. Nf3 d5 5. exd5 exd5 6. d4 Be6 7. Be2 h6 8. O-O
Nf6 9. Bf4 a6 10. Re1 Be7 11. dxc5 Bxc5 12. b4 Bd6 13. Bxd6 Qxd6 14. Bd3 b5 15.
Qe2 O-O 16. Ne5 Rac8 17. Nxc6 Qxc6 18. Nd1 Bg4 19. f3 Rfe8 20. Qd2 Rxe1+ 21.
Qxe1 Re8 22. Qd2 Bc8 23. Nf2 Qe6 24. Kf1 Qe5 25. Re1 Qxh2 26. Rxe8+ Nxe8 27. Qe3
Be6 28. Nh3 Qd6 29. Nf4 Bd7 30. Qd4 Be6 31. Qe3 Nf6 32. Qd4 Qc6 33. Qe5 Nd7 34.
Qd4 Nb6 35. Nh5 f6 36. Qf4 Nd7 37. Qg3 g5 38. Nf4 Ne5 39. Nh5 Bf7 40. Qh3 Nxd3
41. cxd3 Bg6 42. f4 Qc1+ 43. Kf2 Bxh5 44. Qxh5 Qxf4+ 45. Ke2 Kg7 46. Qh3 f5 47.
Qh5 Qg4+ 48. Qxg4 fxg4 49. Ke3 Kf6 50. Kd4 Ke6 51. Kc5 h5 52. Kd4 h4 53. Ke3 Ke5
54. d4+ Kf5 {White resigns} 0-1

[Event "Team 45 45 League T42"]
[Site "Internet Chess Club"]
[Date "2009.08.03"]
[Round "1"]
[White "Holzschlange"]
[Black "screamingeagle"]
[Result "0-1"]
[WhiteElo "1872"]
[BlackElo "2023"]
[Opening "English: Neo-Catalan"]
[ECO "D33"]
[Time "12:00:10"]
[TimeControl "2700+45"]

1. Nf3 e6 2. c4 d5 3. g3 Nf6 4. Bg2 c5 5. cxd5 exd5 6. d4 Nc6 7. Nc3 h6 8. O-O
Be6 9. Re1 Be7 10. Bf4 O-O 11. dxc5 Bxc5 12. Na4 Bb4 13. Bd2 Ne4 14. Bxb4 Nxb4
15. Nd4 Qf6 16. Bxe4 dxe4 17. e3 Nd3 18. Re2 Bg4 19. Qd2 Bxe2 20. Qxe2 Rac8 21.
Nc3 {White resigns} 0-1

[Event "Team 45 45 League T42"]
[Site "Internet Chess Club"]
[Date "2009.08.02"]
[Round "1"]
[White "Folgers"]
[Black "gorgon"]
[Result "0-1"]
[WhiteElo "2042"]
[BlackElo "2059"]
[Opening "Semi-Benoni (`blockade variation')"]
[ECO "A44"]
[Time "19:00:21"]
[TimeControl "2700+45"]

1. d4 c5 2. d5 e5 3. e4 d6 4. Bb5+ Nd7 5. c4 Be7 6. Ne2 Bg5 7. O-O Bxc1 8. Qxc1
Nf6 9. Nbc3 O-O 10. Bxd7 Bxd7 11. f4 exf4 12. Qxf4 Qe7 13. Ng3 Ng4 14. Nf5 Bxf5
15. exf5 Qe3+ 16. Kh1 Qxf4 17. Rxf4 Ne3 18. b3 Rad8 19. Re1 Rfe8 20. h3 Re5 21.
Re2 Rde8 22. Nb5 Nxd5 23. Rxe5 dxe5 24. Rf2 Nf6 25. Nxa7 Rd8 26. Re2 Rd1+ 27.
Kh2 Nd7 28. Nb5 Rd3 29. Kg1 f6 30. Nc7 g6 31. fxg6 hxg6 32. Kf2 Kf7 33. Ke1 f5
34. Rd2 Rxd2 35. Kxd2 f4 36. Nd5 Nf6 37. Nxf6 Kxf6 38. a3 e4 39. b4 cxb4 40.
axb4 Ke5 41. Kc3 g5 42. b5 b6 43. c5 bxc5 44. Kc4 Kd6 45. Kc3 f3 46. gxf3 exf3
47. Kd2 c4 48. Ke3 c3 {White resigns} 0-1

[Event "Team 45 45 League T42"]
[Site "Internet Chess Club"]
[Date "2009.07.31"]
[Round "1"]
[White "QueensCounselor"]
[Black "Pason"]
[Result "1/2-1/2"]
[WhiteElo "2069"]
[BlackElo "2096"]
[Opening "Sicilian: closed"]
[ECO "B23"]
[Time "15:00:03"]
[TimeControl "2700+45"]

1. e4 c5 2. Nc3 e6 3. f4 Nc6 4. Nf3 a6 5. g3 Nf6 6. Bg2 Be7 7. d3 d5 8. e5 Nd7
9. O-O O-O 10. d4 cxd4 11. Ne2 Nc5 12. Nfxd4 Bd7 13. Be3 Nxd4 14. Nxd4 Na4 15.
Rb1 Rc8 16. Qd2 Nb6 17. b3 Bb5 18. Nxb5 axb5 19. c3 Qc7 20. Rfc1 Ba3 21. Rc2 Bc5
22. Rbc1 Bxe3+ 23. Qxe3 Qc5 24. Qxc5 Rxc5 25. Bf1 Rfc8 26. Bd3 Kf8 27. Kf2 Ke7
28. Ke3 h6 29. Kd4 g5 30. b4 Rc4+ 31. Bxc4 Rxc4+ 32. Ke3 gxf4+ 33. gxf4 d4+ 34.
cxd4 Nd5+ 35. Ke4 Rxb4 36. f5 Ra4 37. Rb1 b4 38. Rg1 h5 39. fxe6 Kxe6 40. Rg3
Nc3+ 41. Kd3 Nxa2 42. Kc4 Nc3 43. Rh3 Nd5 44. Rd2 Ra8 45. Rxh5 Rc8+ 46. Kb3 Rc3+
47. Kb2 Ne3 48. Kb1 Nc4 49. Rf2 b3 50. Rg5 Rd3 51. Rf6+ Ke7 52. Rg1 Rxd4 53. Rf2
Re4 54. Rc1 b5 55. Rcf1 Rxe5 56. Rxf7+ Kd8 57. Rg1 Re8 58. Rb7 Kc8 59. Rf7 Kb8
60. h4 Nd6 61. Rf3 Nc4 62. Rf7 Nd6 63. Rf3 Nc4 64. Rf7 {Game drawn by
repetition} 1/2-1/2

[Event "Team 45 45 League T42"]
[Site "Internet Chess Club"]
[Date "2009.07.30"]
[Round "1"]
[White "poni"]
[Black "livis"]
[Result "1-0"]
[WhiteElo "2032"]
[BlackElo "2027"]
[Opening "Neo-Grünfeld, 5.Nf3"]
[ECO "D73"]
[Time "14:00:12"]
[TimeControl "2700+45"]

1. Nf3 d5 2. d4 g6 3. g3 Bg7 4. Bg2 Nf6 5. c4 c6 6. cxd5 cxd5 7. Nc3 O-O 8. O-O
Nc6 9. Ne5 h6 10. Qa4 Bd7 11. Nxd7 Qxd7 12. h3 a6 13. Be3 Rad8 14. Rfd1 Kh7 15.
Rac1 e6 16. Qc2 Rc8 17. Qd2 Ne8 18. Na4 Nd6 19. Nb6 Qe7 20. Nxc8 Rxc8 21. b3 f5
22. h4 Rf8 23. a4 Rf7 24. Rc2 Qe8 25. Bf4 Qd7 26. e3 Bf6 27. Rdc1 g5 28. hxg5
hxg5 29. Bxd6 Qxd6 30. Bf3 g4 31. Be2 Kg6 32. Kg2 e5 33. dxe5 Qxe5 34. Rc5 Rd7
35. Rd1 Ne7 36. Qd3 Kg7 37. Rh1 b6 38. Rcc1 a5 39. Rh5 Kf7 40. Bxg4 d4 41. Bxf5
Nxf5 42. Rxf5 Qe6 43. e4 Kg7 44. Qf3 d3 45. Qg4+ Kf7 46. Qh5+ Ke7 47. e5 Qd5+
48. Kh2 Bg7 49. Qg5+ Ke8 {Black resigns} 1-0

[Event "Team 45 45 League T42"]
[Site "Internet Chess Club"]
[Date "2009.08.01"]
[Round "1"]
[White "andretta"]
[Black "gyoung"]
[Result "1/2-1/2"]
[WhiteElo "2338"]
[BlackElo "2316"]
[Opening "Dutch"]
[ECO "A80"]
[Time "12:00:06"]
[TimeControl "2700+45"]

1. d4 f5 2. Nf3 Nf6 3. g3 g6 4. Bg2 Bg7 5. O-O O-O 6. b4 Nc6 7. b5 Na5 8. Nbd2
Ne4 9. Bb2 d5 10. e3 c5 11. bxc6 bxc6 12. c4 Ba6 13. Nxe4 fxe4 14. Nd2 Nxc4 15.
Nxc4 Bxc4 16. Re1 Qa5 17. Qc2 Rab8 18. Bf1 Bxf1 19. Rxf1 c5 20. Bc3 Qa3 21. Rab1
c4 22. Kg2 e6 23. Rxb8 Rxb8 24. Rb1 Rxb1 25. Qxb1 Qxc3 26. Qb8+ Bf8 27. Qe8 Qb4
28. Qxe6+ Kh8 29. Qf6+ Bg7 30. Qd8+ Qf8 31. Qxd5 Qc8 32. Qxe4 c3 33. Qc2 Qc4 34.
h4 Qc6+ 35. Kg1 h5 36. Kf1 Qc4+ 37. Ke1 Kh7 38. g4 hxg4 39. h5 Qc6 40. hxg6+
Qxg6 41. Qxc3 Qb1+ 42. Ke2 Qxa2+ 43. Kf1 Qb1+ 44. Kg2 Qe4+ 45. Kg1 a6 46. Qa5
Qg6 47. Kg2 Qe4+ 48. Kg1 Qb1+ 49. Kg2 Qb5 50. Qc7 Qd5+ 51. Kg1 a5 52. Qc2+ Kh6
53. Qd2 Kh5 54. Qc2 Kh6 55. Qd2 Kg6 56. Qd3+ Kf7 57. Qd1 Qd7 58. Qb3+ Ke8 59.
Qg8+ Bf8 60. Qg6+ Kd8 61. Qg5+ Be7 62. Qxa5+ Ke8 63. Qh5+ Kf8 64. Qh6+ Ke8 65.
Qg6+ Kd8 66. Qe4 Bd6 67. Kg2 Qg7 68. Qa8+ Kd7 69. Qb7+ Bc7 70. Qd5+ Ke7 71. Qc5+
Ke8 72. Qc6+ Kd8 73. Qa8+ Kd7 74. Qd5+ Kc8 75. Qa8+ Bb8 76. Qc6+ Bc7 {Game drawn
by mutual agreement} 1/2-1/2

[Event "Team 45 45 League T42"]
[Site "Internet Chess Club"]
[Date "2009.08.03"]
[Round "1"]
[White "ranaamasonika"]
[Black "f5"]
[Result "0-1"]
[WhiteElo "2150"]
[BlackElo "2156"]
[Opening "Sicilian: Nimzovich-Rossolimo attack (with ...g6, without ...d6)"]
[ECO "B31"]
[Time "23:01:21"]
[TimeControl "2700+45"]

1. e4 c5 2. Nf3 Nc6 3. Bb5 g6 4. O-O Bg7 5. Bxc6 dxc6 6. h3 e5 7. d3 Qe7 8. Nbd2
Nf6 9. Nc4 Nd7 10. Nh2 Nf8 11. f4 Be6 12. Nxe5 O-O-O 13. a4 Qd6 14. Nef3 c4 15.
Be3 cxd3 16. Bxa7 Qxf4 17. cxd3 Nd7 18. Kh1 Nf6 19. Nd4 Qc7 20. a5 Nh5 21. Nxe6
Ng3+ 22. Kg1 fxe6 23. Rf3 c5 24. Nf1 Bd4+ 25. Ne3 Nxe4 26. Bb6 Qe5 27. a6 Ng5
28. a7 Nxf3+ 29. Qxf3 Qxe3+ 30. Kh1 Qxf3 31. gxf3 Kd7 32. Bxd8 Rxd8 33. a8=Q
Rxa8 34. Rxa8 Bxb2 35. Rf8 Kc6 36. Rf7 g5 37. Rxh7 b5 38. Kg2 c4 39. dxc4 bxc4
40. Kf2 c3 41. Rh8 Kb7 42. Rh7+ Kc6 43. Rh8 Kd7 44. Rh7+ Kd6 {White resigns} 0-1

[Event "Team 45 45 League T42"]
[Site "Internet Chess Club"]
[Date "2009.08.02"]
[Round "1"]
[White "chiiwen"]
[Black "xakelari"]
[Result "1-0"]
[WhiteElo "2080"]
[BlackElo "2034"]
[Opening "Ruy Lopez: old Steinitz defense"]
[ECO "C62"]
[Time "12:00:05"]
[TimeControl "2700+45"]

1. e4 e5 2. Nf3 Nc6 3. Bb5 d6 4. d4 Bd7 5. Nc3 exd4 6. Nxd4 Nf6 7. Bxc6 bxc6 8.
Qf3 Rb8 9. b3 Be7 10. Bb2 O-O 11. O-O Re8 12. h3 c5 13. Nf5 Bxf5 14. Qxf5 Nd7
15. Nd5 Bf6 16. Nxf6+ Nxf6 17. Rfe1 Nd7 18. Rad1 Ne5 19. Qf4 Qe7 20. Qg3 Ng6 21.
f4 Qh4 22. Qxh4 Nxh4 23. f5 c4 24. Kf2 cxb3 25. axb3 Rb4 26. Rd4 Rxd4 27. Bxd4
c5 28. Bc3 g6 29. Bf6 Nxg2 30. Kxg2 gxf5 31. e5 d5 32. Ra1 Rc8 33. Rxa7 d4 34.
Kf3 h5 35. Rd7 c4 36. Rd8+ Rxd8 37. Bxd8 d3 38. bxc4 dxc2 39. Bg5 f6 40. exf6
Kf7 41. c5 f4 42. Bxf4 Kxf6 43. Ke2 Kf5 44. Bc1 Ke5 45. Kd3 Kd5 46. Kxc2 Kxc5
47. h4 Kd5 48. Bg5 Kc4 49. Kd2 Kd4 50. Bf6+ Ke4 51. Kc3 Kf5 52. Bg5 Ke5 53. Kc4
Ke4 54. Kc5 Ke5 55. Kc6 Ke6 56. Kc7 Kf7 57. Kd7 Kg7 58. Ke7 Kg6 59. Ke6 Kg7 60.
Kf5 Kh7 61. Kf6 Kg8 62. Kg6 {Black resigns} 1-0

[Event "Team 45 45 League T42"]
[Site "Internet Chess Club"]
[Date "2009.07.31"]
[Round "1"]
[White "adh2050"]
[Black "izit"]
[Result "1-0"]
[WhiteElo "2022"]
[BlackElo "2153"]
[Opening "Sicilian: closed"]
[ECO "B23"]
[Time "14:10:38"]
[TimeControl "2700+45"]

1. e4 c5 2. Nc3 d6 3. f4 Nc6 4. Nf3 Nf6 5. Bb5 Bd7 6. O-O g6 7. d3 Bg7 8. Bc4
O-O 9. Qe1 Nd4 10. Nxd4 cxd4 11. Ne2 b5 12. Bb3 a5 13. a4 Rc8 14. axb5 Ra8 15.
Qh4 Bxb5 16. f5 a4 17. Ba2 Rc8 18. Nxd4 Qb6 19. Be3 Ng4 20. fxg6 hxg6 21. Bxf7+
Rxf7 22. Qxg4 Bxd4 23. Qxc8+ Kg7 24. Rxf7+ Kxf7 25. Rf1+ {Black resigns} 1-0

[Event "Team 45 45 League T42"]
[Site "Internet Chess Club"]
[Date "2009.08.01"]
[Round "1"]
[White "kingcapture"]
[Black "trucazzo"]
[Result "0-1"]
[WhiteElo "2295"]
[BlackElo "2074"]
[Opening "Two knights defense (Modern bishop's opening)"]
[ECO "C55"]
[Time "12:10:19"]
[TimeControl "2700+45"]

1. e4 e5 2. Nf3 Nc6 3. Bc4 Nf6 4. d3 Be7 5. c3 O-O 6. a4 d5 7. exd5 Nxd5 8. O-O
Bg4 9. Re1 Qd6 10. Nbd2 Rad8 11. h3 Bf5 12. Ne4 Qg6 13. Ng3 Nb6 14. Nxf5 Qxf5
15. Bb5 Nd7 16. Bxc6 bxc6 17. Qe2 Bd6 18. Qe4 Qxe4 19. dxe4 Nc5 20. b4 Nb3 21.
Rb1 Nxc1 22. Rbxc1 a5 23. bxa5 Ra8 24. c4 Rxa5 25. c5 Bxc5 26. Nxe5 Bb4 27. Nd7
Bxe1 28. Nxf8 Bxf2+ 29. Kxf2 Kxf8 30. Rc4 c5 31. Ke3 Ke7 32. Kf4 Ke6 33. g4 Kd6
34. h4 Ra6 35. Ke3 Rb6 36. Rc3 Rb4 37. Rd3+ Kc6 38. Ra3 Kb6 39. g5 c4 40. Kd4
c3+ 41. Kd3 c2 42. a5+ Ka6 43. Rc3 Rb3 44. Kxc2 Rxc3+ 45. Kxc3 Kxa5 46. Kc4 Kb6
47. Kd5 c5 48. h5 Kb5 49. e5 g6 50. h6 c4 51. Kd6 c3 52. Ke7 c2 53. Kxf7 c1=Q
54. Kg7 Qc7+ 55. Kg8 Qxe5 56. Kxh7 Qxg5 57. Kg7 Qh5 58. h7 g5 59. h8=Q Qxh8+
{White resigns} 0-1

[Event "Team 45 45 League T42"]
[Site "Internet Chess Club"]
[Date "2009.07.30"]
[Round "1"]
[White "RingLord"]
[Black "Giacometti"]
[Result "0-1"]
[WhiteElo "1694"]
[BlackElo "1825"]
[Opening "Caro-Kann: advance variation"]
[ECO "B12"]
[Time "18:00:44"]
[TimeControl "2700+45"]

1. e4 c6 2. d4 d5 3. e5 c5 4. dxc5 e6 5. b4 Nc6 6. Bb5 Ne7 7. Nf3 a6 8. Bxc6+
Nxc6 9. Bd2 Qc7 10. Qe2 b6 11. cxb6 Qxb6 12. c3 d4 13. Qc4 dxc3 14. Bxc3 Bxb4
15. O-O Bb7 16. Bxb4 Qxb4 17. Nbd2 O-O 18. Rab1 Qe7 19. Rb6 Rac8 20. Qf4 Nb8 21.
Rfb1 Bd5 22. a4 Ba2 23. Rb7 Qa3 24. Re1 Rc1 25. Nf1 Rxe1 26. Nxe1 Bd5 27. Ra7
Qc3 28. Qe3 Qb4 29. Nd3 Qxa4 30. Qc5 Qa1 31. Qc1 Qxc1 32. Nxc1 Bc4 33. Ne3 Rd8
34. f3 Bb5 35. Kf2 Nc6 36. Rc7 Nxe5 37. Kg3 g6 38. Ng4 Nxg4 39. Kxg4 Rd4+ 40.
Kg5 Rc4 41. Rxc4 Bxc4 42. Kf4 a5 43. Ke5 a4 44. Kd4 Bd5 45. Kc3 a3 46. Nd3 Bc4
47. Nb4 a2 48. Kb2 Kg7 49. Nxa2 Bxa2 50. Kxa2 Kf6 51. Kb3 Kf5 52. g3 e5 53. Kc4
e4 54. Kd4 exf3 55. Ke3 Kg4 56. Kf2 g5 57. Ke3 f5 58. Kf2 Kh3 59. Kxf3 Kxh2 60.
Kf2 g4 {White resigns} 0-1

[Event "Team 45 45 League T42"]
[Site "Internet Chess Club"]
[Date "2009.08.02"]
[Round "1"]
[White "mongmong"]
[Black "Bookkeeper"]
[Result "0-1"]
[WhiteElo "1620"]
[BlackElo "1602"]
[Opening "QGD Slav: 4.e3 Bf5"]
[ECO "D12"]
[Time "13:00:35"]
[TimeControl "2700+45"]

1. d4 c6 2. Nf3 d5 3. e3 Bf5 4. c4 Nf6 5. Nc3 e6 6. Qb3 Qc7 7. cxd5 cxd5 8. Bd2
Nc6 9. Rc1 Rc8 10. Be2 Be7 11. O-O O-O 12. a3 Qd7 13. Bb5 Bd6 14. Na2 Rc7 15.
Bc3 Rfc8 16. Ne5 Bxe5 17. dxe5 Ne4 18. f3 Nxc3 19. Rxc3 a6 20. Be2 Nxe5 21. Rfc1
h6 22. Rxc7 Rxc7 23. Rxc7 Qxc7 24. Qc3 Qxc3 25. Nxc3 Bc2 26. Kf2 Kf8 27. Ke1 Bb3
28. f4 Nc4 29. Bxc4 Bxc4 30. Kd2 Ke7 31. Kc2 Bf1 32. g3 Bg2 33. Ne2 Be4+ 34. Kc3
Kd6 35. Kd4 f6 36. Nc1 e5+ 37. fxe5+ fxe5+ 38. Kc3 Kc5 39. Nb3+ Kb5 40. Nd2 Bg2
41. b3 g5 42. h4 g4 43. Kd3 h5 44. Nb1 Be4+ {White resigns} 0-1

[Event "Team 45 45 League T42"]
[Site "Internet Chess Club"]
[Date "2009.08.02"]
[Round "1"]
[White "dougmo"]
[Black "Dr-Checkmate"]
[Result "0-1"]
[WhiteElo "1516"]
[BlackElo "1551"]
[Opening "Scandinavian defense"]
[ECO "B01"]
[Time "21:01:04"]
[TimeControl "2700+45"]

1. e4 d5 2. exd5 Nf6 3. Bb5+ Bd7 4. Be2 Bf5 5. c4 e6 6. dxe6 Bxe6 7. Nf3 Nc6 8.
d4 Bb4+ 9. Bd2 Qe7 10. O-O Bg4 11. a3 Bxd2 12. Qxd2 O-O-O 13. Qe3 Qd7 14. Ne5
Nxe5 15. dxe5 Bxe2 16. Qxe2 Rhe8 17. Nc3 Ng4 18. Rad1 Qe6 19. Rxd8+ Kxd8 20. f4
f6 21. Qd3+ Kc8 22. exf6 Qb6+ 23. Kh1 Nf2+ 24. Rxf2 Qxf2 25. h3 Re1+ 26. Kh2
Qxf4+ {White resigns} 0-1

[Event "Team 45 45 League T42"]
[Site "Internet Chess Club"]
[Date "2009.08.01"]
[Round "1"]
[White "stingham"]
[Black "Esslinger"]
[Result "1-0"]
[WhiteElo "1687"]
[BlackElo "1368"]
[Opening "Scandinavian (center counter) defense"]
[ECO "B01"]
[Time "13:02:15"]
[TimeControl "2700+45"]

1. e4 d5 2. exd5 Qxd5 3. Nc3 Qa5 4. d4 c6 5. Nf3 Nf6 6. Bd2 Qd8 7. Bc4 Bg4 8.
Bxf7+ Kxf7 9. Ne5+ Kg8 10. Nxg4 Nbd7 11. Qe2 g6 12. Qe6+ Kg7 13. Bh6# {Black
checkmated} 1-0

[Event "Team 45 45 League T42"]
[Site "Internet Chess Club"]
[Date "2009.08.02"]
[Round "1"]
[White "Kingangyal"]
[Black "Krumpy"]
[Result "1-0"]
[WhiteElo "1431"]
[BlackElo "1548"]
[Opening "Queen's pawn, Mason variation"]
[ECO "D00"]
[Time "14:32:35"]
[TimeControl "2700+45"]

1. d4 d5 2. Bf4 e6 3. e3 c6 4. c3 Qb6 5. Qb3 Nd7 6. Nf3 Ngf6 7. h3 Be7 8. Nbd2
c5 9. Qc2 c4 10. Be2 Bd6 11. Ne5 Nxe5 12. dxe5 Bc5 13. exf6 gxf6 14. O-O e5 15.
Bh6 Bxh3 16. Bg7 Bxg2 17. Kxg2 Rg8 18. Qxh7 Ke7 19. Kh1 Qc6 20. f3 Bxe3 21. Rfd1
Qe6 22. Nf1 Rxg7 23. Qxg7 Qh3+ 24. Nh2 Rh8 25. Qg2 Qe6 26. Qg4 Qd6 27. Bxc4 Bf4
28. Rxd5 Rxh2+ 29. Kg1 Qb6+ 30. Rd4 Rd2 31. Qd7+ Kf8 32. Qxf7# {Black
checkmated} 1-0

[Event "Team 45 45 League T42"]
[Site "Internet Chess Club"]
[Date "2009.08.03"]
[Round "1"]
[White "PostMike"]
[Black "kingsrook"]
[Result "1-0"]
[WhiteElo "1547"]
[BlackElo "1290"]
[Opening "Caro-Kann: classical, Spassky variation"]
[ECO "B19"]
[Time "15:00:05"]
[TimeControl "2700+45"]

1. e4 c6 2. d4 d5 3. Nc3 dxe4 4. Nxe4 Bf5 5. Ng3 Bg6 6. h4 h6 7. Nf3 Nd7 8. h5
Bh7 9. Bd3 Bxd3 10. Qxd3 e6 11. Bd2 Ngf6 12. O-O-O Be7 13. Ne4 Nxe4 14. Qxe4 Nf6
15. Qe2 Qd5 16. c4 Qe4 17. Be3 O-O 18. Nd2 Qh7 19. g4 Ne4 20. Rdg1 Bg5 21. f4
Be7 22. g5 hxg5 23. fxg5 Nxd2 24. g6 Qh8 25. Bxd2 Bf6 26. h6 fxg6 27. Qxe6+ Rf7
28. Rxg6 Kf8 29. hxg7+ Qxg7 30. Rxg7 Bxg7 31. Qd6+ Ke8 32. Re1+ {Black resigns}
1-0

[Event "Team 45 45 League T42"]
[Site "Internet Chess Club"]
[Date "2009.08.01"]
[Round "1"]
[White "BigW"]
[Black "Emrebey"]
[Result "1-0"]
[WhiteElo "1891"]
[BlackElo "1643"]
[Opening "QGD Slav: Slav gambit"]
[ECO "D15"]
[Time "16:00:33"]
[TimeControl "2700+45"]

1. d4 d5 2. c4 c6 3. Nf3 Nf6 4. Nc3 dxc4 5. e4 Bg4 6. Bxc4 e6 7. h3 Bh5 8. Bg5
Qb6 9. Qb3 Qxb3 10. Bxb3 Nbd7 11. O-O-O Bb4 12. Rhe1 Bg6 13. Bc2 Nb6 14. Nh4
Nfd7 15. a3 Be7 16. Bxe7 Kxe7 17. f3 f6 18. g4 Bf7 19. Rd3 c5 20. f4 cxd4 21.
Rxd4 g6 22. Red1 e5 23. Rd6 Nc4 24. Rxd7+ Ke8 25. Bb3 Nd6 26. R1xd6 Bxb3 27.
Rxb7 Bc4 28. Rdd7 exf4 29. Re7+ Kd8 30. Nd5 Be2 31. Red7+ Ke8 32. Nxf6+ Kf8 33.
Rf7# {Black checkmated} 1-0

[Event "Team 45 45 League T42"]
[Site "Internet Chess Club"]
[Date "2009.07.30"]
[Round "1"]
[White "BrandonBee"]
[Black "Visin"]
[Result "0-1"]
[WhiteElo "1538"]
[BlackElo "1269"]
[Opening "Sicilian: Nimzovich-Rossolimo attack (without ...d6)"]
[ECO "B30"]
[Time "14:00:05"]
[TimeControl "2700+45"]

1. e4 c5 2. Nf3 Nc6 3. Bb5 a6 4. Bxc6 bxc6 5. c4 e6 6. Nc3 d5 7. exd5 cxd5 8.
cxd5 exd5 9. O-O Nf6 10. Re1+ Be7 11. d3 O-O 12. h3 Bb7 13. Bg5 Re8 14. Qd2 d4
15. Na4 Bxf3 16. gxf3 Nd7 17. Bxe7 Rxe7 18. Rxe7 Qxe7 19. Re1 Qf6 20. Qe2 h6 21.
Qe4 Rb8 22. b3 Qg6+ 23. Qxg6 fxg6 24. Re6 g5 25. Kg2 a5 26. Ra6 Rb5 27. Re6 Kf7
28. Rc6 Ke7 29. Rc7 Kd6 30. Rc8 Ne5 31. Nb2 Rb7 32. Rd8+ Rd7 33. Ra8 Rf7 34.
Nc4+ Nxc4 35. bxc4 Re7 36. Rxa5 Re2 37. Ra6+ Kc7 38. Ra3 g6 39. Kf1 Re6 40. Ra8
Kb7 41. Rh8 h5 42. Rh7+ Kb6 43. a4 Ka5 44. Ra7+ Ra6 45. Rc7 Kb4 46. Rb7+ Kc3 47.
Rb5 Rxa4 48. Rxc5 Kxd3 49. Rxg5 Rxc4 50. Rxg6 Kd2 51. Re6 d3 52. Re3 Rc1+ 53.
Kg2 Re1 54. Re4 Rxe4 55. fxe4 Ke2 56. e5 d2 57. e6 d1=Q {White resigns} 0-1

[Event "Team 45 45 League T42"]
[Site "Internet Chess Club"]
[Date "2009.08.02"]
[Round "1"]
[White "vollmerj"]
[Black "Karan99"]
[Result "0-1"]
[WhiteElo "1716"]
[BlackElo "1359"]
[Opening "Latvian: Fraser defense"]
[ECO "C40"]
[Time "18:27:08"]
[TimeControl "2700+45"]

1. e4 e5 2. Nf3 f5 3. Nxe5 Nc6 4. Nxc6 dxc6 5. exf5 Bxf5 6. Nc3 Nf6 7. Be2 Bc5
8. O-O O-O 9. d3 Qd7 10. Be3 Bb6 11. Bxb6 axb6 12. Bf3 Qf7 13. Ne4 Qg6 14. Bh5
Nxh5 15. f3 Bh3 16. Qe2 Nf4 17. Qf2 Bxg2 18. Ng3 Nh3+ 19. Kxg2 Nxf2 20. Kxf2 Qf6
21. Ne4 {White resigns} 0-1

[Event "Team 45 45 League T42"]
[Site "Internet Chess Club"]
[Date "2009.08.04"]
[Round "1"]
[White "AntMantis"]
[Black "badmove"]
[Result "1/2-1/2"]
[WhiteElo "1634"]
[BlackElo "1583"]
[Opening "Grünfeld defense"]
[ECO "D80"]
[Time "16:01:34"]
[TimeControl "2700+45"]

1. d4 Nf6 2. c4 g6 3. Nc3 d5 4. e3 Bg7 5. cxd5 Nxd5 6. Bc4 Nb6 7. Bb3 c5 8. Nf3
O-O 9. O-O cxd4 10. exd4 Bg4 11. d5 N8d7 12. h3 Bxf3 13. Qxf3 Nc5 14. Rd1 Nxb3
15. axb3 Nd7 {Game drawn by mutual agreement} 1/2-1/2

[Event "Team 45 45 League T42"]
[Site "Internet Chess Club"]
[Date "2009.08.03"]
[Round "1"]
[White "reb"]
[Black "imgr8"]
[Result "1-0"]
[WhiteElo "2339"]
[BlackElo "1962"]
[Opening "Sicilian: Labourdonnais-Löwenthal (Kalashnikov) variation"]
[ECO "B32"]
[Time "09:01:25"]
[TimeControl "2700+45"]

1. e4 c5 2. Nf3 Nc6 3. d4 cxd4 4. Nxd4 e5 5. Nb5 d6 6. Be3 Be7 7. N1c3 a6 8. Nd5
Rb8 9. Nbc7+ Kf8 10. Bb6 Qd7 11. Bc4 Nf6 12. Qf3 Qg4 13. Nxf6 Bxf6 14. Qxg4 Bxg4
15. f3 Bd7 16. O-O-O Be7 17. Nd5 Rc8 18. Be2 Be6 19. Kb1 Bxd5 20. exd5 Nb8 21.
Be3 f5 22. f4 e4 23. g4 g6 24. gxf5 gxf5 25. Bf1 Ke8 26. Rg1 Rc7 27. Bb6 Rd7 28.
Bh3 Rf8 29. Ba7 Rd8 30. Rg7 Nd7 31. Bd4 Bf6 32. Rxh7 Bxd4 33. Rxd4 Nc5 34. Rh5
e3 35. Rd1 Kd7 36. Bxf5+ Kc7 37. Re1 Rde8 38. Rh7+ Kb8 39. Bg6 Rxf4 40. Bxe8 e2
41. Rf7 Rd4 42. Kc1 Re4 43. Bd7 Re5 44. Bg4 {Black resigns} 1-0

[Event "Team 45 45 League T42"]
[Site "Internet Chess Club"]
[Date "2009.08.01"]
[Round "1"]
[White "Srikar"]
[Black "hewdondada"]
[Result "1-0"]
[WhiteElo "2126"]
[BlackElo "1763"]
[Opening "Scandinavian (center counter) defense"]
[ECO "B01"]
[Time "12:01:35"]
[TimeControl "2700+45"]

1. e4 d5 2. exd5 Qxd5 3. d4 Nf6 4. Nc3 Qa5 5. Bd2 Qb6 6. Nf3 Bg4 7. Be2 e6 8.
O-O Be7 9. a4 c6 10. a5 Qc7 11. h3 Bh5 12. Ne5 Bxe2 13. Qxe2 Nbd7 14. f4 O-O 15.
Ne4 Nxe4 16. Qxe4 Nf6 17. Qf3 c5 18. c3 Rad8 19. Be3 cxd4 20. Bxd4 Bc5 21. Bxc5
Qxc5+ 22. Kh1 Qd5 23. Qe3 a6 24. Rfd1 Qe4 25. Qxe4 Nxe4 26. Kh2 Nf2 27. Rd7 Rxd7
28. Nxd7 Rd8 29. Nc5 Rd2 30. b4 h5 31. Nxb7 Nd3 32. Rf1 h4 33. Kg1 Rc2 34. f5
exf5 35. Rxf5 Rxc3 36. b5 axb5 37. Rxb5 Rc1+ 38. Kh2 Rc2 39. a6 Ne1 40. Kg1 Nd3
41. a7 Rc1+ 42. Kh2 {Black resigns} 1-0

[Event "Team 45 45 League T42"]
[Site "Internet Chess Club"]
[Date "2009.08.01"]
[Round "1"]
[White "picante"]
[Black "snottgoblin"]
[Result "0-1"]
[WhiteElo "1831"]
[BlackElo "2012"]
[Opening "Blackmar gambit"]
[ECO "D00"]
[Time "19:00:47"]
[TimeControl "2700+45"]

1. d4 d5 2. e4 dxe4 3. Nc3 Nf6 4. f3 exf3 5. Qxf3 e6 6. a3 c5 7. Bf4 cxd4 8.
O-O-O Nc6 9. Bb5 Bd7 10. Ne4 Nxe4 11. Qxe4 Be7 12. Nf3 Qa5 13. Bxc6 Bxc6 14.
Qxd4 O-O 15. Qf2 Rac8 16. Bd2 Qa4 17. Bc3 Bd5 18. Rd4 Qa6 19. Re1 Bxa3 20. Rd3
Bc4 21. Qd4 f6 22. bxa3 Bxd3 23. Qxd3 Qxa3+ 24. Bb2 Qxd3 {White resigns} 0-1

[Event "Team 45 45 League T42"]
[Site "Internet Chess Club"]
[Date "2009.08.03"]
[Round "1"]
[White "irock"]
[Black "RD1974"]
[Result "1-0"]
[WhiteElo "1631"]
[BlackElo "1649"]
[Opening "Scandinavian: Pytel-Wade variation"]
[ECO "B01"]
[Time "10:14:26"]
[TimeControl "2700+45"]

1. e4 d5 2. exd5 Qxd5 3. Nc3 Qd6 4. g3 Nf6 5. Bg2 Bg4 6. Nf3 Nc6 7. O-O Nd4 8.
d3 O-O-O 9. Bf4 Qd7 10. Be5 Nc6 11. Qe1 a6 12. Qe3 Nd5 13. Nxd5 Qxd5 14. Bxc7
Rd7 15. Ne5 Qe6 16. Nxd7 Qxd7 17. Bf4 f6 18. Qd2 e5 19. Be3 Nd4 20. Qc3+ Kb8 21.
Bxd4 exd4 22. Qd2 Bd6 23. Rfe1 h5 24. Re4 h4 25. Rxd4 hxg3 26. hxg3 Qc7 27. Rxg4
{Black resigns} 1-0